 Dungeon Crawl Stone Soup version 0.31-a0-1612-g4aaf141 (webtiles) character file.

Game seed: 5201910294083417231

100 PidgeyThePirate the Chopper (level 4, -6/36 HPs)
             Began as a Demonspawn Chaos Knight on Jan 9, 2024.
             Was a Plaything of Xom.
             Mangled by a wyvern (19 damage)
             ... on level 2 of the Dungeon.
             The game lasted 00:02:10 (1144 turns).

PidgeyThePirate the Chopper (DsCK)                  Turns: 1144, Time: 00:02:11

Health: -6/36      AC:  6    Str: 14      XL:     4   Next: 46%
Magic:  4/4        EV: 11    Int: 12      God:    Xom [*.....]
Gold:   88         SH:  0    Dex: 12 (13) Spells: 3/3 levels left

rFire   . . .        a - +0 hand axe (chaos)
rCold   . . .        (no shield)
rNeg    . . .        b - +2 leather armour
rPois   .            (no helmet)
rElec   .            (no cloak)
rCorr   .            f - +0 pair of gloves
SInv    .            (no boots)
Will    .....        (no amulet)
Stlth   +            (no ring)
HPRegen 0.26/turn    (no ring)
MPRegen 0.09/turn

%: no passive effects
@: no status effects
A: foul stench 1
a: Renounce Religion


You were on level 2 of the Dungeon.
You worshipped Xom.
You were a special plaything of Xom.
You visited 1 branch of the dungeon, and saw 2 of its levels.

You collected 88 gold pieces.

Inventory:

Hand Weapons
 a - a +0 hand axe of chaos (weapon)
Armour
 b - a +2 leather armour (worn)
 f - a +0 pair of gloves (worn)
Scrolls
 c - 2 scrolls of butterflies
 d - 3 scrolls of enchant weapon {unknown}
 g - a scroll of identify {unknown}
 h - 2 scrolls of poison {unknown}
 i - a scroll of immolation {unknown}
 k - a scroll of teleportation {unknown}
Potions
 e - a potion of curing {unknown}
 j - 2 potions of enlightenment {unknown}
 l - a potion of attraction {unknown}
 m - a potion of heal wounds {unknown}
 n - a potion of might {unknown}


   Skills:
 + Level 3.6 Fighting
 * Level 3.9 Axes
 + Level 2.1 Armour
 + Level 1.6 Dodging
 + Level 0.4 Stealth


You had 3 spell levels left.
You didn't know any spells.
Your spell library was empty.

Dungeon Overview and Level Annotations

Branches:
Dungeon (2/15)

Altars:


Innate Abilities, Weirdness & Mutations

You may rarely emit foul miasma when damaged in melee.


Message History

The ball python grabs you. The ball python constricts you.
You closely miss the ball python.
The ball python bites you but does no damage.
The ball python constricts you.
The ball python bites you but does no damage.
The ball python constricts you.
You barely miss the ball python. The ball python closely misses you.
The ball python constricts you.
You hit the ball python.
The ball python seems to grow stronger.
The ball python is moderately wounded.
The ball python bites you but does no damage.
The ball python constricts you.
You hit the ball python. You burn the ball python.
You kill the ball python!
You see here a ball python corpse.
A bat comes into view.
A bat is nearby!
You hit the bat but do no damage.
The bat evaporates and reforms as a wyvern!
The wyvern closely misses you.
You hit the wyvern but do no damage. The wyvern closely misses you.
The wyvern barely misses you.
You slash the wyvern!
The wyvern is poisoned.
The wyvern is moderately wounded.
The wyvern bites you but does no damage.
You completely miss the wyvern. You punch the wyvern, but do no damage.
The wyvern is moderately wounded.
The wyvern barely misses you. The wyvern closely misses you.
You hit the wyvern.
The wyvern falls asleep!
The wyvern hisses angrily.
The wyvern is severely wounded.
The wyvern bites you! The wyvern closely misses you.
You hit the wyvern. You burn the wyvern.
The wyvern is severely wounded.
The wyvern bites you!
You hit the wyvern.
The wyvern seems to grow stronger.
The wyvern is almost dead.
The wyvern barely misses you. The wyvern bites you!!
Ouch! That really hurt!
You die...

.####.#.##.### ...
#.....#.# #.# ####..#.#
#.# #..#.# #.# #######...#
#.# #........####
###.####........+..#
#..k...#........##.#
#.#####..@...#........##.#
#............#........##.#
#######......#............
#########.#.##............
#.........#.##.......#####
#.######....##......##....
#.# #.......##......#.....
#.# #.#.....##..........>.
#.# # ......##.....†.♣....


You could see a wyvern (strong, very poisoned).

Vanquished Creatures
  An iguana (D:1)
  2 adders (D:2)
  A ribbon worm (D:1)
  2 dart slugs
  4 bats
  10 endoplasms
  5 giant cockroaches (D:1)
  A goblin (D:2)
  A hobgoblin (D:1)
  3 jackals (D:1)
  2 quokkas (D:1)
  5 ball pythons
  A frilled lizard (D:1)
  A kobold (D:1)
  8 rats
47 creatures vanquished.

Notes
Turn   | Place    | Note
-------+----------+-------------------------------------------
     0 | D:1      | PidgeyThePirate the Demonspawn Chaos Knight began the quest
                  | for the Orb.
     0 | D:1      | Reached XP level 1. HP: 18/18 MP: 1/1
     1 | D:1      | Found a runed translucent door.
    55 | D:1      | XOM: potion effect (brilliance)
    70 | D:1      | Gained mutation: You may rarely emit foul miasma when
                  | damaged in melee. [demonic ancestry]
    70 | D:1      | Reached XP level 2. HP: 19/24 MP: 2/2
    73 | D:1      | XOM: potion effect (brilliance)
    74 | D:1      | XOM: potion effect (curing)
    82 | D:1      | Reached skill level 1 in Dodging
   253 | D:1      | Reached XP level 3. HP: 29/29 MP: 3/3
   572 | D:1      | Found a faded altar of an unknown god.
   622 | D:1      | XOM: polymorph hobgoblin -> iguana
   658 | D:1      | XOM: 2-stop teleportation journey
   798 | D:2      | Reached XP level 4. HP: 32/35 MP: 4/4
   813 | D:2      | XOM: cloud trail
  1043 | D:2      | XOM: stat loss: -1 Dex (12/13)
  1138 | D:2      | a bat changed into a wyvern
  1138 | D:2      | Noticed a wyvern
  1144 | D:2      | Mangled by a wyvern

Illustrated notes

Levels and vault maps discovered:
D:1:      dpeg_arrival_caged_fury, layout_loops_ring, basic_ecumenical_altar
D:2:      layout_basic, grunt_ministairs_10

Skill      XL: |  1  2  3 |
---------------+----------+-----
Axes           | 3 |  3.9
Dodging        | 1 |  1.6
Armour         | 2 |  2.1
Fighting       | |  3.6
Stealth        | |  0.4

Action                     |  1- 3 |  4- 6 || total
---------------------------+-------+-------++-------
  Melee: Hand axe          |    83 |    38 ||   121
         Punch             |     1 |     1 ||     2
   Stab: Sleeping          |     2 |       ||     2
         Petrifying        |       |     1 ||     1
 Armour: Leather armour    |    61 |    41 ||   102
  Dodge: Dodged            |    53 |    31 ||    84

Table legend: (Time is in decaauts)
 A = Elapsed time spent in this place.
 B = Non-inter-level travel time spent in this place.
 C = Inter-level travel time spent in this place.
 D = Time resting spent in this place.
 E = Time spent auto-exploring this place.
 F = Levels seen in this place.
 G = Mean time per level.
                   A        B        C        D        E       F      G
               +--------+--------+--------+--------+--------+-----+--------+
         Total |   1159 |   1133 |     26 |      0 |    794 |   2 |  579.5 |
       Dungeon |   1159 |   1133 |     26 |      0 |    794 |   2 |  579.5 |
               +--------+--------+--------+--------+--------+-----+--------+

Top non-repeatable levels by time:
     D:1: 801 daAuts
     D:2: 358 daAuts
